 Dungeon Crawl Stone Soup version 0.23.2-40-g277498a001 (webtiles) character file.

Game seed: 2008132515220154013

473 Descartes the Stinger (level 7, -1/52 HPs)
             Began as a Formicid Wanderer on Aug 25, 2019.
             Was an Initiate of Dithmenos.
             Slain by a bullfrog skeleton (3 damage)
             ... on level 4 of the Dungeon.
             The game lasted 00:15:05 (5523 turns).

Descartes the Stinger (Formicid Wanderer)           Turns: 5523, Time: 00:15:06

Health: -1/52      AC:  6    Str: 16    XL:     7   Next: 32%
Magic:  8/10       EV: 11    Int:  9    God:    Dithmenos [......]
Gold:   183        SH:  0    Dex: 13    Spells: 6/10 levels left

rFire    . . .     SeeInvis +   c - +0 short sword
rCold    . . .     Gourm    .   (no shield)
rNeg     . . .     Faith    .   k - +0 ring mail
rPois    +         Spirit   .   (helmet unavailable)
rElec    .         Reflect  .   (no cloak)
rCorr    .         Harm     .   u - +0 pair of gloves (curse)
MR       .....                  (no boots)
Stlth    ++........             (no amulet)
HPRegen  0.17/turn              b - ring of poison resistance
MPRegen  0.12/turn              (no ring)

@: no status effects
A: permanent stasis, dig shafts and tunnels, four strong arms, antennae 3, dopey
1, sense surroundings 1, poison resistance
a: Dig, Shaft Self, Renounce Religion


You were on level 4 of the Dungeon.
You worshipped Dithmenos.
Dithmenos was noncommittal.
You were not hungry.

You visited 2 branches of the dungeon, and saw 5 of its levels.

You collected 183 gold pieces.

Inventory:

Hand Weapons
 c - a +0 short sword (weapon)
 z - a +0 antimagic club
Missiles
 l - 113 stones (quivered)
 p - 7 javelins
 y - 34 arrows
 B - 19 poisoned needles
Armour
 d - a +0 robe
 k - a +0 ring mail (worn)
 u - a cursed +0 pair of gloves (worn)
Jewellery
 b - a ring of poison resistance (left hand)
Scrolls
 a - 2 scrolls of fear {unknown}
 h - 4 scrolls of identify {unknown}
 i - a scroll of noise {unknown}
 j - 2 scrolls of random uselessness {unknown}
 n - 2 scrolls of enchant weapon {unknown}
 s - a scroll of immolation {unknown}
 x - 2 scrolls of remove curse {unknown}
Potions
 e - a potion of heal wounds {unknown}
 g - 2 potions of berserk rage {unknown}
 m - a potion of cancellation {unknown}
 o - 2 potions of lignification {unknown}
 q - a potion of might {unknown}
 r - a potion of magic {unknown}
 t - a potion of mutation
 v - 2 potions of haste {unknown}
 w - a potion of experience {unknown}
Comestibles
 f - 3 rations
 A - 2 chunks of flesh


   Skills:
 + Level 3.4 Fighting
 * Level 2.7 Short Blades
 - Level 1.0 Throwing
 + Level 2.3 Armour
 + Level 1.6 Dodging
 * Level 4.2 Stealth
 * Level 2.2 Spellcasting
 + Level 1.8 Conjurations
 + Level 0.9 Air Magic
 + Level 4.9 Poison Magic
 + Level 0.0 Invocations
   Level 1.1 Evocations


You had 6 spell levels left.
You knew the following spells:

 Your Spells              Type           Power        Failure   Level  Hunger
a - Sting                 Conj/Pois      #...         16%         1    ##.....
b - Mephitic Cloud        Conj/Pois/Air  #.......     54%         3    ####...

Your spell library contained the following spells:

 Spells                   Type           Power        Failure   Level  Hunger
 Poisonous Vapours        Pois/Air       #.....       26%         2    ###....
 Olgreb's Toxic Radiance  Pois           #.......     61%         4    #####..
 Venom Bolt               Conj/Pois      #.........   99%         5    ######.


Dungeon Overview and Level Annotations

Branches:
Dungeon (4/15)             Temple (1/1) D:4

Altars:
Cheibriados
Dithmenos
Hepliaklqana
Qazlal
Ru
Trog
Uskayaw
Vehumet
Wu Jian
Yredelemnul
Zin

Annotations:
D:4 exclusion: statue, Natasha


Innate Abilities, Weirdness & Mutations

You cannot be hasted, slowed, berserked, paralysed or teleported.
You can dig through walls and to a lower floor.
Your four strong arms can wield two-handed weapons with a shield.
You have a pair of large antennae on your head. (SInv)
You are dopey. (Int -2)
You passively map a small area around you.
Your system is resistant to poisons. (rPois)


Message History

Natasha barely misses you.
You hit the bullfrog skeleton.
The bullfrog skeleton is almost destroyed.
The bullfrog skeleton barely misses you.
Natasha claws you.
* * * LOW HITPOINT WARNING * * *
You hit the bullfrog skeleton but do no damage.
The bullfrog skeleton is almost destroyed.
The bullfrog skeleton hits you.
* * * LOW HITPOINT WARNING * * *
The crimson imp blinks!
Natasha barely misses you.
It was a potion of mutation.
You feel extremely strange.
You feel resistant to poisons.
You feel stupid.
You feel a strange attunement to the structure of the dungeons.
The bullfrog skeleton hits you.
* * * LOW HITPOINT WARNING * * *
Natasha claws you.
* * * LOW HITPOINT WARNING * * *
The bullfrog skeleton hits you.
You die...

{ ..# , , #.# #.#* # {
#{# , ## {... , .##
####.#* * , * ..##
##.##.# #..
...####...#.#######.....
,
...'...........h@ZZ.....
,
...####...§....####.....
..###....##+##..#* #.#
.## #...## ##..# * ##
#..## #..# * # #..# ≈
*#... #.. , ...# #.# ,
**..# # #.# * *


You could see Natasha, a bullfrog skeleton and a centaur skeleton.

Vanquished Creatures
  An eye of draining (D:4)
  A bullfrog (D:4)
  A howler monkey (D:4)
  A hound (D:4)
  An orc priest (D:4)
  An orc wizard (D:4)
  Natasha (D:4)
  An iguana (D:4)
  A worker ant (D:2)
  5 adders
  A worm (D:3)
  A dart slug (D:2)
  3 leopard geckos
  5 orcs (D:4)
  4 giant cockroaches
  3 goblins
  7 hobgoblins
  13 jackals
  A quokka (D:2)
  A ball python (D:1)
  10 bats
  4 frilled lizards
  9 kobolds
  A quokka skeleton (D:4)
  11 rats
88 creatures vanquished.

Notes
Turn   | Place    | Note
-------+----------+-------------------------------------------
     0 | D:1      | Descartes the Formicid Wanderer began the quest for the
                  | Orb.
     0 | D:1      | Descartes set off with the following items: a +0
                  | quarterstaff, a +0 short sword, a +0 robe, a +0 dagger, a
                  | ration; and the following spell memorised: Sting; and the
                  | following spells available to memorise: Poisonous Vapours,
                  | Mephitic Cloud, Olgreb's Toxic Radiance, Venom Bolt
     0 | D:1      | Reached XP level 1. HP: 16/16 MP: 1/1
   250 | D:1      | Reached XP level 2. HP: 15/22 MP: 2/2
   745 | D:1      | Reached XP level 3. HP: 28/28 MP: 3/3
  1525 | D:2      | Reached XP level 4. HP: 34/34 MP: 1/5
  1596 | D:2      | Reached skill level 1 in Armour
  1687 | D:2      | Reached skill level 1 in Spellcasting
  1952 | D:2      | Reached skill level 1 in Conjurations
  2077 | D:2      | Reached skill level 1 in Dodging
  2467 | D:3      | Learned a level 3 spell: Mephitic Cloud
  2931 | D:3      | Reached XP level 5. HP: 37/40 MP: 1/6
  3884 | D:4      | Noticed Natasha
  3895 | D:4      | Killed Natasha
  4036 | D:4      | Found a radiant altar of Vehumet.
  4037 | D:4      | Noticed a frost-covered statue
  4203 | D:4      | Found a staircase to the Ecumenical Temple.
  4224 | D:4      | Reached XP level 6. HP: 47/47 MP: 5/8
  4362 | Temple   | Entered the Ecumenical Temple
  4380 | Temple   | Became a worshipper of Dithmenos the Shadowed
  4778 | D:4      | Found a bloodstained altar of Trog.
  4778 | D:4      | Noticed an eye of draining
  4809 | D:4      | Killed an eye of draining
  4839 | D:4      | Reached XP level 7. HP: 21/52 MP: 2/10
  5504 | D:4      | Noticed Natasha
  5523 | D:4      | Gained mutation: Your system is resistant to poisons.
                  | (rPois) [potion of mutation]
  5523 | D:4      | Gained mutation: You are dopey. (Int -2) [potion of
                  | mutation]
  5523 | D:4      | Gained mutation: You passively map a small area around you.
                  | [potion of mutation]
  5523 | D:4      | HP: 2/52 [Natasha (6)]
  5523 | D:4      | Slain by a bullfrog skeleton

Skill      XL: |  1  2  3  4  5  6 |
---------------+-------------------+-----
Armour         | 1 2 |  2.3
Stealth        | 3 4 |  4.2
Spellcasting   | 1 2 |  2.2
Conjurations   | 1 |  1.8
Dodging        | 1 |  1.6
Short Blades   | 2 |  2.7
Fighting       | 3 |  3.4
Throwing       | |  1.0
Air Magic      | |  0.9
Poison Magic   | |  4.9
Evocations     | |  1.1

Action                   |  1- 3 |  4- 6 |  7- 9 || total
-------------------------+-------+-------+-------++-------
Melee: Short sword       |   104 |   149 |    49 ||   302
 Cast: Sting             |    14 |    57 |    17 ||    88
  Use: Scroll            |       |     1 |       ||     1
       Potion            |       |       |     1 ||     1
 Stab: Sleeping          |     2 |       |       ||     2
  Eat: Chunk             |     3 |     8 |     4 ||    15
       Ration            |       |     1 |       ||     1
Armor: Ring mail         |    68 |    53 |    15 ||   136
Dodge: Dodged            |    74 |    88 |    40 ||   202
